 Dungeon Crawl Stone Soup version 0.29.0-4-gdea44cf6ec (webtiles) character file.

Game seed: 9269515452239566127

42 qw the Chopper (level 3, -1/21 HPs)
             Began as a Tengu Warper on Aug 28, 2022.
             Slain by an ice beast (4 damage)
             ... on level 3 of the Dungeon.
             The game lasted 00:00:09 (2193 turns).

qw the Chopper (Tengu Warper)                       Turns: 2193, Time: 00:00:09

Health: -1/21      AC:  3    Str: 13    XL:     3   Next: 56%
Magic:  7/7        EV: 12    Int: 13    God:
Gold:   112        SH:  0    Dex: 13    Spells: 6/6 levels left

rFire   . . .      SeeInvis +   Y - +0 hand axe
rCold   . . .      Faith    .   (no shield)
rNeg    . . .      Spirit   .   b - +0 leather armour
rPois   .          Reflect  .   (helmet restricted)
rElec   .          Harm     .   (no cloak)
rCorr   .          Rampage  .   (no gloves)
Will    .....                   (boots unavailable)
Stlth   +.........              (no amulet)
HPRegen 0.07/turn               f - ring of see invisible
MPRegen 0.10/turn               (no ring)

@: no status effects
A: beak, talons 3
a: no special abilities


You were on level 3 of the Dungeon.
You visited 1 branch of the dungeon, and saw 3 of its levels.

You collected 112 gold pieces.


Innate Abilities, Weirdness & Mutations

You have a beak for a mouth.
You have claws for feet.


   Skills:
 - Level 2.0 Fighting
 + Level 4.2 Axes
 - Level 1.0 Throwing
 - Level 1.1 Armour
 - Level 2.1 Dodging
 - Level 2.0 Spellcasting
 - Level 2.4 Translocations


You had 6 spell levels left.
You didn't know any spells.
Your spell library contained the following spells:

 Spells                   Type           Power      Damage    Failure   Level
 Blink                    Tloc           14%        N/A       19%         2
 Gell's Gravitas          Tloc           7%         N/A       36%         3
 Lesser Beckoning         Tloc           7%         N/A       36%         3
 Teleport Other           Tloc           7%         N/A       36%         3
 Manifold Assault         Tloc           7%         N/A       98%         5

Inventory:

Hand Weapons
 a - a +0 club
 Y - a +0 hand axe (weapon)
Armour
 b - a +0 leather armour (worn)
Jewellery
 f - a ring of see invisible (left hand)
Scrolls
 j - a scroll of enchant armour
Potions
 d - a potion of curing {unknown}
 e - a potion of flight {unknown}
 g - a potion of lignification {unknown}
 h - a potion of brilliance {unknown}
 i - a potion of heal wounds {unknown}

Dungeon Overview and Level Annotations

Branches:
Dungeon (3/15)

Altars:


Message History

The goblin shouts!
You hear a shout!
Found 7 gold pieces.
There is a stone staircase leading up here.
A goblin is nearby!
Existing waypoints: (1) D:2 (2) D:1 Assign waypoint to what number? (0-9, D - delete waypoint) Waypoint 2 re-assigned from D:1 to D:3.
You hit the goblin.
You kill the goblin!
A frilled lizard and an endoplasm come into view.
Found 7 gold pieces.
Found a stone staircase leading down.
The endoplasm quivers.
A goblin comes into view. It is wielding a +0 club.
You see here a +0 dagger of venom.
2185 ||| Stepping ~*~*~tactically~*~*~ (stealth).
There is a stone staircase leading up here.
An ice beast comes into view.
You see here a +0 dagger of venom.
You hit the goblin.
You kill the goblin!
You barely miss the ice beast. Your kick misses the ice beast.
The ice beast hits you. The ice beast freezes you!
You closely miss the ice beast. Your kick misses the ice beast.
You peck the ice beast.
The ice beast is lightly wounded.
You hit the endoplasm. The ice beast barely misses you.
The endoplasm hits you but does no damage.
You hit the endoplasm but do no damage. You peck the endoplasm.
You kill the endoplasm!
You hit the ice beast but do no damage. The ice beast barely misses you.
You closely miss the ice beast. Your kick misses the ice beast.
The ice beast is lightly wounded.
The ice beast hits you. The ice beast freezes you.
You barely miss the ice beast. You peck the ice beast.
The ice beast is lightly wounded.
The ice beast hits you.
You die...

....... .>.....
....... .......
....... ....#
.########).#.#
.......<@....#
####...##Y.##...
#... .## ##.# .$
.. .## ..$ #.
... . .... .


You could see an ice beast.

Vanquished Creatures
  An adder (D:2)
  A dart slug (D:1)
  4 endoplasms
  5 hobgoblins
  2 quokkas
  2 ball pythons
  2 bats (D:2)
  2 frilled lizards (D:2)
  5 goblins
  5 rats
29 creatures vanquished.

Notes
Turn   | Place    | Note
-------+----------+-------------------------------------------
     0 | D:1      | qw the Tengu Warper began the quest for the Orb.
     0 | D:1      | Reached XP level 1. HP: 12/12 MP: 4/4
     0 | D:1      | 0 ||| qw: Version: 0.1-a-89-g26bdef1
     0 | D:1      | 0 ||| qw: Game counter: 2568
     0 | D:1      | 0 ||| qw: Always use a shield: true
     0 | D:1      | 0 ||| qw: God list: Okawaru
     0 | D:1      | 0 ||| qw: Allow faded altars: false
     0 | D:1      | 0 ||| qw: Do Orc after D:15 true
     0 | D:1      | 0 ||| qw: Do second Lair branch before Depths: true
     0 | D:1      | 0 ||| qw: Lair rune preference: random
     0 | D:1      | 0 ||| qw: Plans: Normal
     0 | D:1      | 0 ||| PLANNING D:1-11
   101 | D:1      | 101 ||| Stepping ~*~*~tactically~*~*~ (stealth).
   489 | D:1      | Found a faded altar of an unknown god.
   498 | D:1      | Reached skill level 3 in Axes
   498 | D:1      | Reached XP level 2. HP: 12/17 MP: 6/6
   704 | D:1      | 704 ||| UPGRADING to ring of see invisible.
   705 | D:1      | 705 ||| READING scroll labelled IVUSHUU SESK.
   708 | D:1      | 708 ||| READING scroll labelled ETOCUY XAAPNE.
   709 | D:1      | 709 ||| DROPPING scroll of blinking.
   730 | D:2      | 730 ||| STAIRDANCE
   740 | D:2      | 740 ||| STAIRDANCE
   830 | D:2      | 830 ||| Stepping ~*~*~tactically~*~*~ (stealth).
   832 | D:2      | 832 ||| Stepping ~*~*~tactically~*~*~ (stealth).
  1272 | D:2      | HP: 4/17 [poisoned by an adder]
  1274 | D:2      | Reached XP level 3. HP: 4/21 MP: 7/7
  1555 | D:2      | 1555 ||| Stepping ~*~*~tactically~*~*~ (stealth).
  1563 | D:2      | 1563 ||| FLEEEEING.
  1575 | D:2      | 1575 ||| FLEEEEING.
  1576 | D:2      | 1576 ||| FLEEEEING.
  1577 | D:2      | 1577 ||| FLEEEEING.
  1578 | D:2      | 1578 ||| FLEEEEING.
  1582 | D:2      | 1582 ||| FLEEEEING.
  1583 | D:2      | 1583 ||| FLEEEEING.
  1584 | D:2      | 1584 ||| FLEEEEING.
  1585 | D:2      | 1585 ||| FLEEEEING.
  1586 | D:2      | 1586 ||| FLEEEEING.
  1587 | D:2      | 1587 ||| FLEEEEING.
  1588 | D:2      | 1588 ||| FLEEEEING.
  1589 | D:2      | 1589 ||| STAIRDANCE
  1631 | D:1      | 1631 ||| READING scroll labelled INUPRI YRGHELLIA.
  1679 | D:2      | Reached skill level 4 in Axes
  1767 | D:2      | 1767 ||| Stepping ~*~*~tactically~*~*~ (stealth).
  2118 | D:2      | 2118 ||| READING scroll labelled QIXZOEMERA.
  2119 | D:2      | 2119 ||| READING scroll labelled VONULOO QUABI.
  2185 | D:3      | 2185 ||| Stepping ~*~*~tactically~*~*~ (stealth).
  2186 | D:3      | Noticed an ice beast
  2192 | D:3      | HP: 3/21 [ice beast (6)]
  2193 | D:3      | Slain by an ice beast

Levels and vault maps discovered:
D:1:      dpeg_arrival_boxorama, layout_basic, chequers_ecumenical_altar_island
D:2:      layout_basic, nrook_mini_vaults, minivault_14
D:3:      layout_rooms, lemuel_round_altar, zin_scriptorium

Skill      XL: |  1  2  3 |
---------------+----------+-----
Axes           | 3 4 |  4.2
Fighting       | |  2.0
Throwing       | |  1.0
Armour         | |  1.1
Dodging        | |  2.1
Spellcasting   | |  2.0
Translocations | |  2.4

Action                   || total
-------------------------++-------
Melee: Hand axe          ||    61
       Kick              ||    12
       Peck              ||     8
Throw: Boomerang         ||     9
  Use: Scroll            ||     5
Armor: Leather armour    ||    17
Dodge: Dodged            ||    37

Table legend:
 A = Non-vault XP
 B = Vault XP
 C = Vault XP percentage of total XP
 D = Non-vault monster count
 E = Vault monster count
 F = Vault count percentage of total count
                 A         B        C        D         E       F
            +---------+---------+-------+---------+---------+-------
      Total |      61 |       0 |   0.0 |      29 |       0 |   0.0
            +---------+---------+-------+---------+---------+-------
        D:1 |      12 |       0 |   0.0 |       7 |       0 |   0.0
        D:2 |      43 |       0 |   0.0 |      19 |       0 |   0.0
        D:3 |       6 |       0 |   0.0 |       3 |       0 |   0.0
            +---------+---------+-------+---------+---------+-------
